 Dungeon Crawl Stone Soup version 0.23.2-30-g0e89c35 (webtiles) character file.

Game seed: 15280860288128075016

224 ih15omp the Chopper (level 5, -1/47 HPs)
             Began as a Draconian Berserker on June 8, 2019.
             Was a Believer of Trog.
             Slain by Sigmund
             ... wielding a +0 scythe
              (5 damage)
             ... on level 3 of the Dungeon.
             The game lasted 00:13:22 (2249 turns).

ih15omp the Chopper (Draconian Berserker)           Turns: 2249, Time: 00:13:22

Health: -1/47      AC:  5    Str: 20    XL:     5   Next: 67%
Magic:  5/5        EV: 13    Int:  7    God:    Trog [**....]
Gold:   57         SH:  0    Dex: 11    Spells: 4/4 levels left

rFire    . . .     SeeInvis .   o - +5 dagger (vamp)
rCold    . . .     Gourm    .   (no shield)
rNeg     . . .     Faith    .   (armour unavailable)
rPois    .         Spirit   .   (helmet restricted)
rElec    .         Reflect  .   (no cloak)
rCorr    .         Harm     .   (no gloves)
MR       .....                  (no boots)
Stlth    ++........             (no amulet)
HPRegen  0.15/turn              (no ring)
MPRegen  0.09/turn              (no ring)

@: no status effects
A: unfitting armour, cold-blooded, AC +5
a: Berserk, Trog's Hand, Renounce Religion


You were on level 3 of the Dungeon.
You worshipped Trog.
Trog was pleased with you.
You were not hungry.

You visited 1 branch of the dungeon, and saw 3 of its levels.

You collected 57 gold pieces.

Inventory:

Hand Weapons
 a - a +0 hand axe
 f - a +0 vampiric dagger
 o - a +5 vampiric dagger (weapon)
Missiles
 k - 5 javelins (quivered)
Jewellery
 l - an uncursed ring of protection from magic {unknown}
Wands
 n - a wand of flame (4)
Scrolls
 d - 2 scrolls of identify {unknown}
 e - a scroll of remove curse {unknown}
 g - a scroll of noise {unknown}
 h - 2 scrolls of enchant weapon {unknown}
 j - a scroll of blinking {unknown}
 p - 2 scrolls of teleportation {unknown}
Potions
 c - a potion of curing
 i - a potion of cancellation {unknown}
 m - a potion of haste {unknown}
 q - a potion of mutation {unknown}
Comestibles
 b - 3 rations


   Skills:
 + Level 4.5 Fighting
 + Level 0.9 Short Blades
 + Level 4.6 Axes
 + Level 3.6 Dodging
 + Level 1.4 Stealth


You had 4 spell levels left.
You didn't know any spells.
Your spell library was empty.

Dungeon Overview and Level Annotations

Branches:
Dungeon (3/15)

Altars:
Elyvilon
Hepliaklqana
Sif Muna
Trog

Annotations:
D:3 Sigmund


Innate Abilities, Weirdness & Mutations

Your plain brown scales are hard. (AC +5)
You cannot fit into any form of body armour.
You are cold-blooded and may be slowed by cold attacks.


Message History

You hit something.
Your tail-slap misses something.
Something hits you.
You closely miss something. You miss something. Something hits you!
* * * LOW HITPOINT WARNING * * *
You hit something.
You feel better. Something hits you but does no damage.
You puncture something!
You feel better.
You recover from your berserk rage.
You miss something.
You hear some strange, mumbled words.
A magic dart appears from out of thin air!
The magic dart hits you.
* * * LOW HITPOINT WARNING * * *
You barely miss something.
You hear some strange, mumbled words.
A magic dart appears from out of thin air!
The magic dart hits you!
* * * LOW HITPOINT WARNING * * *
A hound comes into view.
You closely miss something. Something hits you.
You die...

##.# ### ####...
..## ....... ###
#.. ....#.. #..
... ..##)..( #.#
#.# .# #.### #.#
#.# .# #.
####.####.###.# #
#.l{@.........#
...h.#####...>...#
... #.###..####.#
. #.# #.......#
#.###..########
###......# #.
#.......#.#..# #.
###..........# #.
#.......)..## #.


You could see a hound (wandering) and a leopard gecko.

Vanquished Creatures
  An ice beast (D:3)
  Jessica (D:2)
  3 adders (D:2)
  A worm (D:2)
  4 dart slugs
  4 leopard geckos
  6 orcs (D:3)
  4 bats
  8 giant cockroaches
  6 hobgoblins
  A ball python (D:1)
  A frilled lizard (D:2)
  4 goblins
  A jackal skeleton (D:2)
  5 kobolds
  10 rats
60 creatures vanquished.

Notes
Turn   | Place    | Note
-------+----------+-------------------------------------------
     0 | D:1      | ih15omp the Draconian Berserker began the quest for the
                  | Orb.
     0 | D:1      | Reached XP level 1. HP: 19/19 MP: 1/1
   258 | D:1      | Reached XP level 2. HP: 20/26 MP: 2/2
   860 | D:1      | Reached XP level 3. HP: 24/31 MP: 3/3
  1049 | D:2      | Noticed Jessica
  1063 | D:2      | Killed Jessica
  1130 | D:2      | Reached ** piety under Trog
  1151 | D:2      | Found a white marble altar of Elyvilon.
  1195 | D:2      | Found a bloodstained altar of Trog.
  1202 | D:2      | Reached XP level 4. HP: 30/40 MP: 4/4
  1485 | D:2      | Found a hazy altar of Hepliaklqana.
  1504 | D:2      | Reached skill level 1 in Stealth
  1589 | D:2      | Found a deep blue altar of Sif Muna.
  2192 | D:3      | Noticed an ice beast
  2206 | D:3      | Killed an ice beast
  2206 | D:3      | Reached XP level 5. HP: 42/47 MP: 5/5
  2219 | D:3      | Noticed Sigmund
  2249 | D:3      | Slain by Sigmund

Skill      XL: |  1  2  3  4 |
---------------+-------------+-----
Dodging        | 3 |  3.6
Axes           | 4 |  4.6
Fighting       | 4 |  4.5
Stealth        | 1 |  1.4
Short Blades   | |  0.9

Action                   |  1- 3 |  4- 6 || total
-------------------------+-------+-------++-------
Melee: Hand axe          |    98 |    58 ||   156
       Tailslap          |     6 |     8 ||    14
       Dagger            |       |    45 ||    45
Invok: Berserk           |       |     1 ||     1
  Use: Potion            |     1 |     2 ||     3
 Stab: Sleeping          |     2 |       ||     2
  Eat: Ration            |     1 |     2 ||     3
       Chunk             |     1 |       ||     1
Armor: Skin              |    31 |    24 ||    55
Dodge: Dodged            |    90 |    65 ||   155
